 Dungeon Crawl Stone Soup version 0.30.2 (webtiles) character file.

Game seed: 13075097017794052201

6164 porpoise the Frost Mage (level 10, -8/74 HPs)
             Began as a Demonspawn Ice Elementalist on Mar 19, 2024.
             Was a Follower of Hepliaklqana.
             Mangled by a red ugly thing (13 damage)
             ... on level 8 of the Dungeon.
             The game lasted 00:47:22 (13178 turns).

porpoise the Frost Mage (DsIE)                     Turns: 13178, Time: 00:47:23

Health: -8/74      AC:  7    Str:  8    XL:     10   Next: 60%
Magic:  17/17      EV: 17    Int: 25    God:    Hepliaklqana [*.....]
Gold:   566        SH:  5    Dex: 20    Spells: 11/19 levels left

rFire   . . .        a - +0 rapier
rCold   . . .        (no shield)
rNeg    . . .        P - +0 steam dragon scales
rPois   .            v - +1 helmet
rElec   .            (no cloak)
rCorr   .            (no gloves)
SInv    .            (no boots)
Will    .....        p - amulet of reflection
Stlth   +++          g - +5 ring of evasion
HPRegen 0.32/turn    r - +6 ring of dexterity
MPRegen 0.15/turn

%: reflection
@: no status effects
A: reduced essence, powered by pain 1, big brain 2, demonic magic 1, demonic
touch 2
a: Renounce Religion, Recall Ancestor, Ancestor Identity


You were on level 8 of the Dungeon.
You worshipped Hepliaklqana.
Hepliaklqana was aware of your devotion.
You visited 1 branch of the dungeon, and saw 8 of its levels.
You also visited: Sewer.

You collected 566 gold pieces.

Inventory:

Hand Weapons
 a - a +0 rapier (weapon)
 b - a +0 sling
 w - a +0 trident
 H - a +2 falchion of protection
Missiles
 o - 13 boomerangs (quivered)
 q - 3 atropa-tipped darts
 y - 37 poisoned darts
 J - a curare-tipped dart
Armour
 e - a +2 robe of positive energy
 v - a +1 helmet (worn)
 P - +0 steam dragon scales (worn)
 Q - a +0 troll leather armour
Magical Staves
 k - a staff of cold
 F - a staff of earth
Jewellery
 g - a +5 ring of evasion (left hand)
 i - a ring of flight
 p - an amulet of reflection (around neck)
 r - a +6 ring of dexterity (right hand)
 u - a ring of resist corrosion
 B - a ring of poison resistance
Wands
 l - a wand of polymorph (5)
 x - a wand of roots (20)
 M - a wand of paralysis (5)
 S - a wand of light (1)
Scrolls
 c - 3 scrolls of teleportation
 d - a scroll of vulnerability {unknown}
 h - 2 scrolls of fog
 j - 3 scrolls of magic mapping
 A - a scroll of blinking {unknown}
 C - a scroll of amnesia
 D - a scroll of acquirement {unknown}
 G - a scroll of noise {unknown}
 I - 2 scrolls of immolation
 R - a scroll of enchant armour
Potions
 f - a potion of brilliance
 m - a potion of invisibility
 n - 4 potions of flight
 s - 8 potions of heal wounds
 t - 2 potions of haste
 z - 2 potions of lignification {unknown}
 E - a potion of magic
 K - 2 potions of curing
 L - 2 potions of might {unknown}
 N - 2 potions of mutation {unknown}
 O - a potion of attraction {unknown}


   Skills:
 + Level 9.0 Fighting
 + Level 2.0 Dodging
 - Level 5.0 Stealth
 - Level 5.0 Spellcasting
 - Level 7.0 Summonings
 - Level 9.0 Ice Magic
 + Level 1.1 Invocations


You had 11 spell levels left.
You knew the following spells:

 Your Spells              Type           Power      Damage    Failure   Level
a - Freeze                Ice            100%       1d10      1%          1
b - Summon Ice Beast      Ice/Summ       46%        N/A       3%          4
r - Frozen Ramparts       Ice            100%       1d16      1%          3

Your spell library contained the following spells:

 Spells                   Type           Power      Damage    Failure   Level
 Call Canine Familiar     Summ           41%        N/A       1%          3
 Ozocubu's Armour         Ice            50%        N/A       1%          3
 Magic Dart               Conj           24%        1d4       9%          1
 Slow                     Hex            24%        N/A       9%          1
 Searing Ray              Conj           12%        2d4       12%         2
 Sublimation of Blood     Necr           6%         N/A       12%         2
 Confusing Touch          Hex            6%         N/A       24%         3
 Ignite Poison            Fire/Tmut/Pois 6%         N/A       24%         3
 Portal Projectile        Hex/Tloc       12%        N/A       24%         3
 Vampiric Draining        Necr           6%         2d6       24%         3
 Vhi's Electric Charge    Tloc/Air       12%        N/A       24%         3
 Fulminant Prism          Conj/Hex       3%         3d5       63%         4
 Leda's Liquefaction      Hex/Erth       3%         N/A       63%         4
 Petrify                  Tmut/Erth      6%         N/A       63%         4
 Sticky Flame             Conj/Fire      6%         2d3       63%         4
 Arcjolt                  Conj/Air       3%         1d13      92%         5
 Irradiate                Conj/Tmut      3%         3d12      92%         5
 Ignition                 Fire           3%         3d4       100%        8
 Maxwell's Capacitive Co  Air            3%         ∞         100%        8


Dungeon Overview and Level Annotations

Branches:
Dungeon (8/15)             Temple (0/1) D:7           Sewer (visited)
   Lair: D:8-11

Altars:
Ashenzari
Hepliaklqana
Kikubaaqudgha
Makhleb
Ru
Vehumet

Annotations:
D:8 1 runed translucent door


Innate Abilities, Weirdness & Mutations

Your life essence is reduced to manifest your ancestor. (-10% HP)
You sometimes gain a little power by taking damage.
You have an extremely huge brain. (Int +4)
Spells you cast may paralyse adjacent enemies.
Your touch may inflict irresistible damage on your foes.


Message History

You hit the red ugly thing.
The red ugly thing is lightly wounded.
The red ugly thing bites you.
You are engulfed in flames!!
The cyan ugly thing basks in the mutagenic energy from its kin and changes!
You are too injured to fight recklessly!
Aiming: Bolt of Light
Press: ? - help, Shift-Dir - straight line, f - red ugly thing
Aim: a red ugly thing (71% to hit)
The bolt of light hits the red ugly thing!
The red ugly thing is moderately wounded.
The red ugly thing is blinded.
The bolt of light misses the red ugly thing.
The bolt of light hits the centaur warrior!
The centaur warrior is moderately wounded.
The centaur warrior is blinded.
The bolt of light hits the slime creature!!
The slime creature is moderately wounded.
The bolt of light hits the centaur warrior!
The centaur warrior is moderately wounded.
The centaur warrior is blinded.
The centaur warrior shoots an arrow.
The arrow hits the slime creature!!
The centaur warrior wields a +0 shortbow.
The centaur warrior shoots an arrow.
The arrow hits the red ugly thing!
The red ugly thing bites you.
You are engulfed in flames!!
* * * LOW HITPOINT WARNING * * *
Unknown command.
You hit the red ugly thing but do no damage.
The red ugly thing is moderately wounded.
The centaur warrior shoots an arrow.
The arrow hits the slime creature!!
The slime creature dies!
The centaur warrior shoots an arrow.
The arrow hits the red ugly thing!
The red ugly thing closely misses you.
The centaur warrior shoots an arrow.
The arrow completely misses the centaur warrior.
The arrow hits the centaur warrior!
Your Invocations skill increases to level 1!
You hit the red ugly thing.
You touch the red ugly thing!
The red ugly thing is heavily wounded.
The centaur warrior shoots an arrow.
The arrow hits the red ugly thing!
The red ugly thing bites you!
You die...

#.8####..#.#...###..##)#
#####..###.#.....+....##
###.)### #.#...###..###
#..### ..#.###..###
###..### #.###..###
###..###.#..###
###..#.## ###..######W..


###R@uuccc# #######uD= You could see the friendly Nikki the ancestor, a
five-headed hydra, 3 ugly things, 3 centaur warriors and a wraith.

Vanquished Creatures
  2 centaur warriors (D:8)
  A cyclops (D:8)
  A troll (D:8)
  A hornet (D:8)
  Grinder (D:5)
  A slime creature (D:8)
  Sigmund (D:6)
  Eustachio (D:5)
  A yak (D:8)
  2 steam dragons (D:8)
  3 water moccasins
  Pargi (Sewer)
  2 orc warriors
  A black bear (D:6)
  A centaur (D:8)
  2 phantoms (D:6)
  3 kobold brigands
  Blork the orc (D:5)
  2 bullfrogs
  A scorpion (D:3)
  A wight (D:8)
  A killer bee (D:8)
  3 howler monkeys
  A jelly (D:7)
  A gnoll bouda (D:5)
  8 orc priests
  3 hounds
  3 iguanas
  3 sleepcaps
  13 orc wizards
  Robin (D:3)
  10 gnolls
  13 adders
  A river rat (D:3)
  2 shadow imps
  3 white imps
  3 ufetubi
  A worm (D:3)
  2 dart slugs
  34 orcs
  7 endoplasms
  6 giant cockroaches
  9 hobgoblins
  2 jackals (Sewer)
  6 quokkas
  10 ball pythons
  8 bats
  5 frilled lizards
  10 goblins
  21 kobolds
  7 rats
227 creatures vanquished.

Vanquished Creatures (collateral kills)
  An ice beast (D:8)
  A howler monkey (D:7)
  A gnoll bouda (D:8)
  An orc priest (D:7)
  A gnoll (D:8)
  3 orcs (D:7)
8 creatures vanquished.

Vanquished Creatures (others)
  A slime creature (D:8)
  An ancestor (D:8)
  An orc wizard (D:5)
3 creatures vanquished.

Grand Total: 238 creatures vanquished

Notes
Turn   | Place    | Note
-------+----------+-------------------------------------------
     0 | D:1      | porpoise the Demonspawn Ice Elementalist began the quest
                  | for the Orb.
     0 | D:1      | Reached XP level 1. HP: 13/13 MP: 3/3
   622 | D:1      | Gained mutation: Your touch may inflict minor irresistible
                  | damage on your foes. [demonic ancestry]
   622 | D:1      | Reached XP level 2. HP: 16/19 MP: 5/5
  1147 | D:2      | Reached XP level 3. HP: 4/24 MP: 6/6
  2048 | D:2      | Gained mutation: You have an unusually large brain. (Int
                  | +2) [demonic ancestry]
  2048 | D:2      | Reached XP level 4. HP: 30/30 MP: 4/8
  2887 | D:3      | Noticed a scorpion
  2892 | D:3      | Killed a scorpion
  2893 | D:3      | Gained mutation: Spells you cast may paralyse adjacent
                  | enemies. [demonic ancestry]
  2893 | D:3      | Reached XP level 5. HP: 14/35 MP: 5/10
  3039 | D:3      | Found a sacrificial altar of Ru.
  3152 | D:3      | Found a glowing drain.
  3159 | D:3      | Gained mutation: You sometimes gain a little power by
                  | taking damage. [demonic ancestry]
  3159 | D:3      | Reached XP level 6. HP: 39/41 MP: 5/11
  3170 | Sewer    | Entered a sewer
  3271 | Sewer    | Noticed Pargi
  3279 | Sewer    | Killed Pargi
  3280 | Sewer    | Reached skill level 5 in Ice Magic
  3378 | D:3      | Noticed Robin
  3392 | D:3      | Killed Robin
  3811 | D:3      | Learned a level 3 spell: Frozen Ramparts
  3816 | D:3      | Learned a level 4 spell: Summon Ice Beast
  3868 | D:3      | You fall into a shaft and drop 2 floors!
  3868 | D:5      | Entered Level 5 of the Dungeon
  3896 | D:5      | Noticed a water moccasin
  3904 | D:5      | Killed a water moccasin
  3905 | D:5      | Reached skill level 1 in Fighting
  3905 | D:5      | Reached skill level 1 in Summonings
  3913 | D:5      | Reached XP level 7. HP: 38/48 MP: 2/13
  4339 | D:5      | Noticed Grinder
  4366 | D:5      | Killed Grinder
  5514 | D:4      | Found a broken altar of Ashenzari.
  6214 | D:4      | Gained mutation: You have an extremely huge brain. (Int +4)
                  | [demonic ancestry]
  6214 | D:4      | Reached XP level 8. HP: 56/57 MP: 10/14
  6418 | D:3      | Found a faded altar of an unknown god.
  7109 | D:4      | Found a burning altar of Makhleb.
  7662 | D:5      | Found a radiant altar of Vehumet.
  7951 | D:5      | Noticed Blork the orc
  7969 | D:5      | Killed Blork the orc
  8160 | D:5      | Noticed Eustachio
  8189 | D:5      | Killed Eustachio
  8190 | D:5      | Reached skill level 5 in Summonings
  8710 | D:6      | Reached skill level 5 in Fighting
  8877 | D:6      | Noticed Sigmund
  8887 | D:6      | Killed Sigmund
  9192 | D:6      | Reached XP level 9. HP: 68/68 MP: 11/15
  9493 | D:6      | Reached skill level 5 in Stealth
 10339 | D:6      | Reached skill level 5 in Spellcasting
 10599 | D:6      | Found an ancient bone altar of Kikubaaqudgha.
 10599 | D:6      | Found a hazy altar of Hepliaklqana.
 10918 | D:6      | Became a worshipper of Hepliaklqana the Forgotten
 11637 | D:7      | Found a staircase to the Ecumenical Temple.
 11826 | D:7      | Reached * piety under Hepliaklqana
 12649 | D:8      | Noticed a cyclops
 12649 | D:8      | Noticed a troll
 12653 | D:8      | Killed a troll
 12654 | D:8      | Gained mutation: Your touch may inflict irresistible damage
                  | on your foes. [demonic ancestry]
 12654 | D:8      | Reached XP level 10. HP: 65/69 MP: 13/17
 12657 | D:8      | Killed a cyclops
 12843 | D:8      | Found a runed translucent door.
 12852 | D:8      | Noticed a centaur warrior
 12852 | D:8      | Noticed a centaur warrior
 12865 | D:8      | Killed a centaur warrior
 12872 | D:8      | Killed a centaur warrior
 13165 | D:8      | Noticed a cyan ugly thing
 13166 | D:8      | Noticed a red ugly thing
 13166 | D:8      | Noticed a centaur warrior
 13167 | D:8      | Noticed a centaur warrior
 13167 | D:8      | Noticed a five-headed hydra
 13168 | D:8      | Noticed a centaur warrior
 13168 | D:8      | Noticed a cyan ugly thing
 13178 | D:8      | Reached skill level 1 in Invocations
 13178 | D:8      | Mangled by a red ugly thing

Illustrated notes

Levels and vault maps discovered:
D:1:      dpeg_arrival_arbitrary_c, layout_basic, minmay_ruptured
D:2:      kennysheep_big_flooded_room, layout_loops_corners
D:3:      layout_basic, mainiacjoe_overflow_six_doors_small,
          portal_sewer_entry_b, dreamdust_ecumenical_altar_grove,
          kennysheep_generic_room_10, uniq_robin
D:4:      layout_gridville, mainiacjoe_overflow_alcove_2,
          mainiacjoe_overflow_alcove_1
D:5:      nicolae_cairo_tiling_large_dashed, layout_loops_ring,
          vehumet_crystals, serial_bayou_ford_a, uniq_grinder,
          uniq_blork_the_orc, uniq_eustachio
D:6:      layout_layer_cave, gammafunk_temple_overflow_pools,
          minmay_diced_spiral, uniq_sigmund
D:7:      layout_cave_pools, minmay_temple_entry_slanted
D:8:      minmay_the_grid_triangle_9x9_rhombus_full
          [minmay_the_grid_triangle_9x9_checkered,
          minmay_the_grid_triangle_9x9_cache,
          minmay_the_grid_triangle_9x9_alien,
          minmay_the_grid_triangle_9x9_empty,
          minmay_the_grid_triangle_9x9_shrine,
          minmay_the_grid_triangle_9x9_windchime,
          minmay_the_grid_triangle_9x9_subtriangle,
          minmay_the_grid_triangle_9x9_prize_center], layout_gridville,
          lair_entry_dummy, uniq_erica

Skill      XL: |  1  2  3  4  5  6  7  8  9 10 |
---------------+-------------------------------+-----
Stealth        | 2 3 4 5 |  5.0
Ice Magic      | 4 5 7 8 9 |  9.0
Spellcasting   | 3 4 5 |  5.0
Fighting       | 1 2 5 6 9 |  9.0
Summonings     | 1 4 5 7 |  7.0
Dodging        | 2 |  2.0
Invocations    | 1 |  1.1

Action                     |  1- 3 |  4- 6 |  7- 9 | 10-12 || total
---------------------------+-------+-------+-------+-------++-------
  Melee: Whip              |    83 |       |       |       ||    83
         Punch             |     1 |     1 |     4 |       ||     6
         Touch             |     8 |    11 |    57 |    11 ||    87
         Short sword       |     6 |    90 |   164 |       ||   260
         Falchion          |       |       |    76 |       ||    76
         Rapier            |       |       |   106 |    44 ||   150
   Fire: Sling             |       |       |    61 |       ||    61
  Throw: Boomerang         |       |     5 |    17 |     1 ||    23
         Dart              |       |     3 |     3 |       ||     6
   Cast: Freeze            |    19 |    44 |    25 |       ||    88
         Frozen Ramparts   |       |       |    16 |     3 ||    19
         Summon Ice Beast  |       |       |     2 |       ||     2
 Invoke: Ancestor Identity |       |       |     1 |       ||     1
  Evoke: Wand              |       |       |     3 |     1 ||     4
    Use: Scroll            |     2 |     5 |     9 |       ||    16
         Potion            |       |       |     2 |     1 ||     3
   Stab: Sleeping          |    10 |     4 |    10 |       ||    24
         Paralysed         |       |    10 |    29 |       ||    39
         Distracted        |       |       |     1 |       ||     1
         Invisible         |       |       |       |     4 ||     4
 Armour: Robe              |    21 |     7 |    77 |       ||   105
         Steam dragon scal |       |       |       |    14 ||    14
  Dodge: Dodged            |    74 |    80 |   310 |    43 ||   507
  Block: Other             |       |     3 |    89 |     8 ||   100
         Reflection        |       |       |     7 |       ||     7
